AoeStats
← Jurydas

African Clearing

506110144Analyzed
3v3 RM · 20d ago on Sep 12, 2026· 28m 10s· 6 players
Game mode
Random Map
Map size
Normal (6 player)
Population
200
Speed
Normal
Resources
Standard
Victory
Conquest
Starting age
Dark Age
Ending age
Imperial Age
RankedLock teamsTeams togetherTeam positionsShared explorationLock speedFull tech treeHidden civsTurbo modeCheats
Victory
Defeat
🇨🇿 Turks · Czechia
1476
+8
🇨🇳 Mapuche · China
1426
+10
🇩🇪 Huns · Germany
1372
+12
🇸🇪 Koreans · Sweden
1340
-13
🇸🇪 Spanish · Sweden
1261
-9
🇸🇪 Persians · Sweden
1242
-8
Bendix
8:00 Loom
13:07 Feudal Age
14:15 Double-Bit Axe
17:58 Castle Age
16:06 Town Watch
17:51 Gold Mining
19:42 Fletching
19:56 Husbandry
21:35 Bodkin Arrow
23:04 Bloodlines
23:22 Padded Archer Armor
27:43 Leather Archer Armor
27:55 Thumb Ring
27:43 Horse Collar
Jurydas
13:00 Feudal Age
11:28 Loom
13:44 Double-Bit Axe
15:17 Scale Barding Armor
17:54 Bloodlines
26:05 Castle Age
26:28 Forging
27:09 Chain Barding Armor
爱上层楼
12:58 Feudal Age
13:08 Loom
16:52 Castle Age
15:00 Double-Bit Axe
16:04 Horse Collar
17:48 Bow Saw
21:49 Fletching
23:17 Wheelbarrow
25:51 Gold Mining
Yohannes V
10:54 Loom
13:30 Feudal Age
17:48 Castle Age
17:44 Horse Collar
17:52 Double-Bit Axe
23:31 Town Watch
pawheeeeee
8:17 Loom
13:32 Feudal Age
14:50 Double-Bit Axe
17:45 Castle Age
18:24 Fletching
19:17 Bow Saw
19:23 Bodkin Arrow
20:24 Gold Mining
23:44 Horse Collar
26:39 Ballistics
yūgen
11:03 Loom
13:59 Feudal Age
15:19 Double-Bit Axe
15:30 Horse Collar
17:56 Town Watch
21:22 Castle Age
21:47 Padded Archer Armor
21:41 Fletching
Connection lost

Rejoining the realm…

Still unreachable

The connection could not be restored.

Session expired

The server has moved on; the page needs a fresh start.